 Dungeon Crawl Stone Soup version 0.28.0-53-g5a82cb258f (webtiles) character file.

Game seed: 13573463084354581656

580 Tiocfaidh the Ducker (level 7, -3/34 HPs)
             Began as a Spriggan Transmuter on May 22, 2022.
             Slain by Duvessa
             ... wielding a +0 short sword
              (14 damage)
             ... on level 4 of the Dungeon.
             The game lasted 00:21:44 (4521 turns).

Tiocfaidh the Ducker (Spriggan Transmuter)          Turns: 4521, Time: 00:21:45

Health: -3/34      AC:  4    Str: 14    XL:     7   Next: 13%
Magic:  13/13      EV: 19    Int: 15    God:
Gold:   257        SH:  0    Dex: 15    Spells: 9/13 levels left

rFire   . . .      SeeInvis +   o - +7 staff of the Meek {protect, meekguard}
rCold   . . .      Faith    .   (shield currently unavailable)
rNeg    . . .      Spirit   .   a - +0 robe
rPois   .          Reflect  .   (helmet currently unavailable)
rElec   .          Harm     .   u - +1 cloak
rCorr   .          Rampage  .   (gloves unavailable)
Will    ++...                   (boots unavailable)
Stlth   ++........              (no amulet)
HPRegen 0.11/turn               b - +6 ring of strength
MPRegen 0.13/turn               l - ring of willpower

@: appendages, very quick
A: horns 2, talons 2, very small, no large weapons, unfitting armour, see
invisible, speed 3
a: End Transformation


You were on level 4 of the Dungeon.
You had temporarily grown beastly horns and talons.
You visited 1 branch of the dungeon, and saw 4 of its levels.

You collected 257 gold pieces.

Inventory:

Hand Weapons
 f - a +0 arbalest
 i - a +2 short sword of draining
 o - the +7 staff of the Meek (weapon) {protect, meekguard}
   (You found it on level 3 of the Dungeon)

   It grants its wielder temporary protection when it strikes (+7 to AC).
   It provides extra protection to wielders with little health.
Armour
 a - a +0 robe (worn)
 u - a +1 cloak (worn)
Jewellery
 b - a +6 ring of strength (left hand)
 d - a ring of flight
 g - a ring of protection from cold
 l - a ring of willpower (right hand)
Wands
 t - a wand of digging (5)
Scrolls
 c - 3 scrolls of teleportation {unknown}
 e - a scroll of torment {unknown}
 m - a scroll of identify {unknown}
 q - a scroll of amnesia {unknown}
 s - a scroll of enchant weapon {unknown}
Potions
 h - a potion of haste {unknown}
 j - 2 potions of might {unknown}
 k - a potion of curing {unknown}
 n - a potion of invisibility {unknown}
 p - a potion of flight {unknown}
 r - 2 potions of cancellation {unknown}


   Skills:
 + Level 1.9 Fighting
 + Level 3.2 Short Blades
 + Level 2.3 Staves
 + Level 4.9 Dodging
 + Level 3.3 Stealth
 - Level 3.0 Unarmed Combat
 + Level 3.8 Spellcasting
 + Level 3.9 Transmutations


You had 9 spell levels left.
You knew the following spells:

 Your Spells              Type           Power      Damage    Failure   Level
a - Beastly Appendage     Tmut           28%        N/A       3%          1
b - Spider Form           Tmut/Pois      8%         N/A       24%         3

Your spell library contained the following spells:

 Spells                   Type           Power      Damage    Failure   Level
 Wereblood                Tmut           14%        N/A       5%          2
 Ignite Poison            Fire/Tmut/Pois 6%         N/A       32%         3
 Mephitic Cloud           Conj/Pois/Air  2%         N/A       50%         3
 Ice Form                 Ice/Tmut       8%         N/A       63%         4
 Freezing Cloud           Conj/Ice/Air   1%         6-21      99%         5


Dungeon Overview and Level Annotations

Branches:
Dungeon (4/15)
 Temple: D:4-7

Altars:
Zin
Beogh

Shops:
D:4 (

Annotations:
D:4 1 runed translucent door, Duvessa; elongatedgoose's ghost, amateur MiFi


Innate Abilities, Weirdness & Mutations

You have temporarily grown beastly horns and talons.
You are very small and have problems with some larger weapons.
You are too small for most types of armour.
You have supernaturally acute eyesight. (SInv)
You cover ground extremely quickly. (Speed+++)


Message History

You hit Duvessa.
Your weapon exudes an aura of protection.
You claw Duvessa.
Duvessa is moderately wounded.
Duvessa barely misses you.
You miss Dowan. You claw Dowan, but do no damage.
Dowan zaps a wand.
The puff of flame misses you. Duvessa completely misses you.
You sock Dowan! You claw Dowan. Your headbutt misses Dowan.
Dowan is heavily wounded.
Dowan casts a spell at you. The puff of frost hits you.
Duvessa hits you but does no damage.
You hit Dowan but do no damage. You claw Dowan.
Dowan is severely wounded.
Dowan smirks and points a slender finger.
Dowan closely misses you. Duvessa hits you with a +0 short sword.
You completely miss Dowan. You claw Dowan. You headbutt Dowan.
You kill Dowan!
Duvessa weeps, and shakes her weapon.
Duvessa goes berserk!
Duvessa completely misses you. Duvessa hits you but does no damage.
You sock Duvessa!
Duvessa is heavily wounded.
Duvessa closely misses you. Duvessa misses you.
You thump Duvessa! Your kick misses Duvessa. Your headbutt misses Duvessa.
Duvessa is severely wounded.
Duvessa barely misses you. Duvessa misses you.
You completely miss Duvessa. You claw Duvessa.
Duvessa is severely wounded.
Duvessa hits you with a +0 short sword.
You barely miss Duvessa. You claw Duvessa, but do no damage.
Your headbutt misses Duvessa.
Duvessa is severely wounded.
Duvessa completely misses you. Duvessa hits you with a +0 short sword!
You closely miss Duvessa. You claw Duvessa, but do no damage.
Duvessa is severely wounded.
Duvessa hits you with a +0 short sword. Duvessa completely misses you.
You barely miss Duvessa. You claw Duvessa, but do no damage.
Duvessa is severely wounded.
Duvessa hits you with a +0 short sword!
You die...

###.###.### #. ..........# #.# #.
######....# #.# #. #....# #.#
#######. #....# #.# #.....#.
#....# #.# #.....#. #....# #.#
####....... #....######)#
#♣.#..##.##.
######.........e@#####8!+...#.##.
....................+#♣W#........
...........##############..##....
#########..#.# #.......+..... #
#..#.# #.......#####. #
#..#.##### #...∩...#####. #
#........# #.####........ #
#........# #............. #
#........# #.####.######.


You could see Duvessa (berserk).

Vanquished Creatures
  2 ogres (D:4)
  A scorpion (D:3)
  Dowan (D:4)
  2 hounds (D:4)
  An orc priest (D:3)
  Crazy Yiuf (D:4)
  A killer bee zombie (D:4)
  A howler monkey skeleton (D:4)
  3 gnolls (D:4)
  4 adders
  2 adder skeletons (D:4)
  A dart slug (D:1)
  7 orcs (D:3)
  8 endoplasms
  3 giant cockroaches
  7 goblins
  6 hobgoblins
  4 jackals (D:3)
  A quokka (D:1)
  6 ball pythons
  11 bats
  5 frilled lizards
  5 kobolds
  6 rats
89 creatures vanquished.

Notes
Turn   | Place    | Note
-------+----------+-------------------------------------------
     0 | D:1      | Tiocfaidh the Spriggan Transmuter began the quest for the
                  | Orb.
     0 | D:1      | Reached XP level 1. HP: 9/9 MP: 5/5
   206 | D:1      | Reached XP level 2. HP: 14/14 MP: 6/6
   605 | D:1      | Found a faded altar of an unknown god.
  1306 | D:2      | Reached XP level 3. HP: 17/17 MP: 6/8
  1310 | D:2      | Learned a level 3 spell: Spider Form
  1325 | D:2      | Reached skill level 1 in Fighting
  1331 | D:2      | Reached skill level 3 in Dodging
  1377 | D:2      | Reached skill level 1 in Short Blades
  1971 | D:3      | Reached XP level 4. HP: 20/22 MP: 9/9
  2114 | D:3      | Noticed a scorpion
  2124 | D:3      | Killed a scorpion
  2125 | D:3      | Reached skill level 1 in Stealth
  2125 | D:3      | Reached XP level 5. HP: 11/25 MP: 8/10
  2876 | D:3      | Reached skill level 4 in Dodging
  3171 | D:3      | Found the +7 staff of the Meek {protect, meekguard}
  3255 | D:4      | Noticed an ogre
  3375 | D:4      | Noticed an ogre
  3411 | D:4      | Found a runed translucent door.
  3412 | D:4      | Found Kihiweukh's Weapon Boutique.
  3413 | D:4      | Noticed elongatedgoose's ghost (amateur MiFi)
  3467 | D:4      | Reached XP level 6. HP: 23/30 MP: 12/12
  3681 | D:4      | Reached skill level 1 in Staves
  4044 | D:4      | Found a runed translucent door.
  4045 | D:4      | Noticed Crazy Yiuf
  4051 | D:4      | Killed Crazy Yiuf
  4099 | D:4      | Found a glowing silver altar of Zin.
  4232 | D:4      | Reached XP level 7. HP: 12/34 MP: 11/13
  4506 | D:4      | Noticed Duvessa
  4507 | D:4      | Noticed Dowan
  4515 | D:4      | Killed Dowan
  4521 | D:4      | Slain by Duvessa

Illustrated notes

Levels and vault maps discovered:
D:1:      minmay_arrival_four_loops, layout_loops_ring,
          ebering_ecumenical_altar_abandoned
D:2:      layout_loops_ring
D:3:      layout_loops_ring, minmay_fountain_box, roderic_roman_lattice,
          pf_guarded_unrand_meek
D:4:      layout_basic, zin_treasury, serial_shops, shop, gammafunk_ghost_grave,
          uniq_duvessa, uniq_crazy_yiuf_cottage

Skill      XL: |  1  2  3  4  5  6 |
---------------+-------------------+-----
Unarmed Combat | 3 |  3.0
Spellcasting   | 3 |  3.8
Fighting       | 1 |  1.9
Dodging        | 3 4 |  4.9
Short Blades   | 1 2 3 |  3.2
Transmutations | 3 |  3.9
Stealth        | 1 2 3 |  3.3
Staves         | 2 |  2.3

Action                   |  1- 3 |  4- 6 |  7- 9 || total
-------------------------+-------+-------+-------++-------
Melee: Short sword       |    98 |    51 |       ||   149
       Unarmed           |     2 |       |       ||     2
       Punch             |     2 |     1 |       ||     3
       Kick              |     2 |    16 |     9 ||    27
       Headbutt          |     1 |    13 |     1 ||    15
       Quarterstaff      |       |    52 |    11 ||    63
 Cast: Beastly Appendage |     2 |    12 |     1 ||    15
 Stab: Sleeping          |     1 |     4 |       ||     5
Armor: Robe              |    17 |    27 |     2 ||    46
Dodge: Dodged            |    63 |    68 |    11 ||   142
